Map: Miner Evacuation

Players

BunnyLove

  • Race: Terran Terran

Wolfcakes

  • Race: Terran Terran
  • Spawn Location: 7:00

VOD

Have the link to the VOD?

Description

Time

  • Played on: March 15, 2018, 9:59 p.m.
  • Length: 23:53
Show
View Real Time Build Order
Export as new Build Order

BunnyLove Terran 

Build Orders:  

Get SALT Encoding   

  12  0:05  Starport Tech Lab  
  12  0:08  SCV  
  13  0:25  SCV  
  14  0:34  Supply Depot  
  15  0:42  SCV  
  15  1:07  Assault Galleon  
  15  1:09  SCV  
  16  1:17  Refinery  
  16  1:26  SCV  
  18  1:43  SCV  
  18  1:45  Assault Galleon  
  19  2:00  SCV  
  19  2:08  Refinery  
  19  2:17  SCV  
  20  2:24  Engineering Bay  
  21  2:34  SCV  
  22  2:50  Supply Depot, SCV  
  22  3:02  Jetpack Overdrive  
  22  3:07  SCV  
  23  3:16  Reaper  
  25  3:23  Reaper  
  25  3:24  SCV  
  26  3:38  Reaper x2  
  28  3:45  Supply Depot  
  28  3:52  Reaper  
  28  3:53  Reaper  
  30  4:02  Reaper  
  30  4:03  Reaper  
  33  4:11  SCV  
  33  4:23  Reaper x2  
  33  4:28  SCV  
  36  4:33  Reaper  
  36  4:39  Reaper  
  38  4:43  Reaper  
  38  4:45  SCV  
  38  4:48  LE9 Cluster Charges  
  40  4:51  Reaper  
  42  5:02  SCV  
  42  5:31  Command Center  
  42  5:34  Reaper  
  42  5:35  Reaper  
  44  5:44  Reaper  
  44  5:45  Reaper  
  46  5:54  Reaper  
  46  5:55  Reaper  
  48  6:04  Reaper  
  48  6:06  SCV  
  48  6:11  Reaper  
  48  6:14  Reaper  
  50  6:21  Reaper  
  50  6:24  Reaper  
  53  6:33  SCV  
  53  6:35  Reaper x2  
  55  6:45  Reaper x2  
  55  6:49  Supply Depot  
  57  6:55  Reaper x2  
  59  7:08  Reaper x2  
  61  7:24  Reaper  
  61  7:25  Reaper  
  63  7:38  Reaper x2  
  62  7:45  Command Center  
  64  7:50  SCV  
  64  7:51  SCV  
  64  7:52  Armory  
  64  7:56  Reaper x2  
  66  8:06  Reaper, SCV  
  66  8:08  SCV  
  70  8:10  Reaper  
  70  8:16  Reaper  
  71  8:20  Reaper  
  71  8:23  SCV  
  71  8:26  Reaper  
  71  8:29  Reaper  
  74  8:33  SCV  
  75  8:40  SCV  
  76  8:50  SCV  
  76  8:54  Reaper x2  
  76  8:57  SCV  
  79  9:04  Reaper x2  
  79  9:07  SCV  
  80  9:10  Theia Raven  
  80  9:14  Reaper x2  
  80  9:19  SCV  
  84  9:23  SCV  
  84  9:24  Reaper x2  
  84  9:37  Refinery  
  84  9:39  SCV  
  86  9:40  SCV  
  86  9:41  Refinery  
  86  9:51  Supply Depot  
  86  9:56  SCV  
  86  9:57  SCV  
  86  9:58  Reaper x2  
  85  10:09  Horner Weapons Level 1  
  86  10:13  SCV  
  86  10:14  SCV  
  86  10:18  Reaper x2  
  76  10:27  Reaper  
  76  10:28  Reaper  
  79  10:30  SCV  
  79  10:31  SCV  
  79  10:37  Reaper  
  79  10:38  Reaper  
  81  10:47  Reaper, SCV  
  81  10:48  Reaper, Fusion Core  
  81  10:51  Strike Fighter Platform  
  81  10:57  Reaper  
  81  10:58  Reaper  
  82  11:07  Reaper  
  82  11:08  Reaper  
  83  11:17  Reaper  
  83  11:18  Reaper  
  86  11:21  SCV  
  86  11:27  Reaper, Assault Galleon  
  86  11:28  Reaper  
  86  11:29  Assault Galleon  
  88  11:30  Assault Galleon  
  88  11:37  Reaper  
  88  11:38  Reaper  
  90  11:47  Reaper  
  90  11:48  Reaper  
  92  11:57  Reaper  
  92  11:58  Reaper  
  94  12:07  Reaper  
  94  12:08  Reaper  
  96  12:17  Reaper  
  96  12:18  Reaper  
  98  12:27  Reaper x2  
  98  12:28  SCV x2  
  102  12:31  Asteria Wraith  
  102  12:37  Supply Depot  
  110  12:56  Trigger Override  
  110  13:02  Reaper  
  110  13:03  Reaper  
  100  13:12  Reaper  
  100  13:13  Reaper  
  100  13:22  Reaper  
  100  13:23  Reaper  
  97  13:30  Theia Raven  
  97  13:32  Reaper  
  97  13:37  Reaper  
  98  13:42  Reaper  
  98  13:47  Reaper  
  98  13:52  Reaper  
  98  13:57  Reaper  
  106  14:02  Reaper  
  110  14:17  Drone Hangar x3  
  110  14:18  Asteria Wraith  
  117  14:25  Drone Hangar  
  114  14:30  Drone Hangar  
  114  14:59  Reaper x3  
  117  15:07  Reaper  
  117  15:09  Reaper x3  
  123  15:12  Reaper, Supply Depot, SCV  
  123  15:13  SCV  
  123  15:15  Napalm Payload  
  123  15:16  Supply Depot  
  123  15:17  Reaper  
  125  15:24  Reaper  
  126  15:42  Reaper  
  126  15:43  Reaper  
  126  15:46  Multi-Threaded Sensors, Reaper  
  126  15:47  Reaper, SCV x2  
  126  15:49  Supply Depot  
  132  15:50  Supply Depot  
  132  15:56  Reaper  
  132  15:57  Reaper  
  136  16:02  Reaper  
  136  16:03  Reaper  
  136  16:04  SCV  
  136  16:07  Horner Weapons Level 2  
  136  16:09  Reaper  
  139  16:12  Reaper x2  
  139  16:15  Reaper  
  139  16:18  Overcharged Reactor  
  139  16:19  Reaper  
  142  16:25  Reaper x3  
  142  16:28  Reaper  
  145  16:32  Reaper  
  145  16:34  Reaper  
  145  16:35  Reaper  
  145  16:38  Reaper  
  144  16:44  Reaper  
  144  16:45  Reaper x2  
  144  16:48  Reaper x2  
  144  16:49  Tactical Jump  
  148  16:54  Reaper  
  148  16:55  Reaper x2  
  148  16:58  Reaper x2  
  153  17:04  Reaper  
  153  17:06  Reaper x2  
  156  17:15  Supply Depot  
  156  17:16  Reaper x2  
  158  17:25  Reaper x2  
  158  17:38  Reaper x2  
  158  17:41  Reaper x3  
  158  17:48  Reaper x2  
  165  17:51  Reaper x2  
  165  17:52  SCV x2  
  165  17:55  Reaper  
  165  17:58  Reaper  
  169  18:07  Reaper x2  
  169  18:08  Reaper x2  
  169  18:09  SCV x2  
  171  18:22  Reaper x2  
  171  18:24  Asteria Wraith  
  170  18:33  Reaper x2  
  170  18:34  Reaper  
  171  18:46  SCV x2  
  171  18:48  Strike Fighter Platform  
  176  18:50  Reaper  
  176  18:52  Strike Fighter Platform  
  176  18:55  Reaper x3  
  178  19:00  Reaper x2  
  178  19:05  Reaper  
  178  19:08  Reaper  
  178  19:09  Reaper  
  179  19:17  Reaper x2  
  180  19:26  Reaper  
  180  19:32  Reaper  
  181  19:40  Reaper x4  
  181  19:43  Reaper  
  184  19:50  Reaper x2  
  184  19:51  Reaper  
  184  19:52  Horner Weapons Level 3  
  184  19:53  Reaper  
  184  19:54  Reaper  
  186  20:00  Reaper x2  
  186  20:01  Reaper  
  186  20:03  Reaper  
  186  20:04  Reaper  
  189  20:10  Reaper x2  
  189  20:11  Reaper  
  189  20:13  Reaper  
  188  20:20  Reaper x2  
  189  20:32  Reaper  
  189  20:33  Strike Fighter Platform  
  189  20:34  Reaper  
  191  20:44  Reaper  
  191  20:45  Reaper x2  
  186  20:51  Reaper  
  186  20:52  Reaper  
  186  20:54  Reaper  
  186  20:55  Reaper x2  
  187  21:01  Reaper  
  187  21:02  Reaper  
  187  21:04  Reaper  
  187  21:09  Reaper  
  192  21:10  Reaper  
  192  21:17  Reaper  
  193  21:25  Reaper x3  
  196  21:34  Reaper  
  196  21:35  Reaper  
  198  21:43  Strike Fighter Platform  
  196  22:10  Reaper x3  
  197  22:24  Reaper  
  195  22:31  Reaper x2  
  195  22:33  Reaper  
  195  22:34  Reaper  
  199  22:49  Reaper  
  199  22:56  Reaper x2  
  200  23:08  Reaper  
  200  23:09  Reaper  
  179  23:31  Sovereign Battlecruiser  
  179  23:32  Sovereign Battlecruiser  
Show
View Real Time Build Order
Export as new Build Order

Wolfcakes Terran 

Build Orders:  

Get SALT Encoding   

Tags
 
Add a new tag
Caveats
  • Supply blocks, unpowered buildings, or Contaminate may cause inaccurate times.
  • Supply counts are checked every 10 seconds.